 Dungeon Crawl Stone Soup version 0.31-a0-210-gccc998df9b (webtiles) character file.

Game seed: 2376221575147476643

3010 qw the Skirmisher (level 9, -6/80 HPs)
             Began as a Minotaur Hexslinger on June 30, 2023.
             Was an Initiate of Okawaru.
             Mangled by an orc warrior
             ... wielding a +0 hand axe of venom
              (9 damage)
             ... on level 7 of the Dungeon.
             The game lasted 00:02:47 (6661 turns).

qw the Skirmisher (Minotaur Hexslinger)             Turns: 6661, Time: 00:02:48

Health: -6/80      AC: 10    Str: 13    XL:     9   Next: 55%
Magic:  9/9        EV: 12    Int: 10    God:    Okawaru [......]
Gold:   239        SH:  0    Dex: 17    Spells: 9/10 levels left

rFire   + . .        Y - +1 arbalest (drain)
rCold   . . .        (shield currently unavailable)
rNeg    . . .        h - +2 ring mail {rF+}
rPois   .            (helmet restricted)
rElec   .            (no cloak)
rCorr   .            (no gloves)
SInv    .            g - +2 pair of boots
Will    .....        (no amulet)
Stlth   +            (no ring)
HPRegen 0.33/turn    (no ring)
MPRegen 0.11/turn

%: no passive effects
@: lethally poisoned (-6 -> -31), about to teleport
A: horns 2, retaliatory headbutt
a: Renounce Religion


You were on level 7 of the Dungeon.
You worshipped Okawaru.
Okawaru was noncommittal.
You visited 2 branches of the dungeon, and saw 8 of its levels.

You collected 347 gold pieces.
You spent 108 gold pieces at shops.


Innate Abilities, Weirdness & Mutations

You have a pair of horns on your head.
You reflexively headbutt those who attack you in melee.


   Skills:
 + Level 7.7 Fighting
 - Level 12.0 Ranged Weapons
 - Level 3.1 Armour
 - Level 4.2 Dodging
 - Level 1.0 Spellcasting
 - Level 2.0 Hexes


You had 9 spell levels left.
You knew the following spells:

 Your Spells              Type           Power      Damage    Failure   Level
a - Slow                  Hex            16%        N/A       30%         1

Your spell library contained the following spells:

 Spells                   Type           Power      Damage    Failure   Level
 Inner Flame              Hex/Fire       2%         N/A       80%         3
 Portal Projectile        Hex/Tloc       4%         N/A       80%         3
 Cause Fear               Hex            2%         N/A       97%         4

Inventory:

Hand Weapons
 Y - a +1 arbalest of draining (weapon)
Armour
 g - a +2 pair of boots (worn)
 h - a +2 ring mail of fire resistance (worn)
Jewellery
 l - a ring of ice
Scrolls
 c - 2 scrolls of enchant armour
 e - 2 scrolls of teleportation
 f - 2 scrolls of identify
Potions
 a - a potion of resistance {unknown}
 b - a potion of berserk rage {unknown}
 d - a potion of magic {unknown}
 i - a potion of cancellation
 j - a potion of curing
 k - 3 potions of heal wounds
 m - 2 potions of degeneration {unknown}
 n - 2 potions of enlightenment
 o - a potion of might
 p - a potion of invisibility {unknown}
 q - a potion of haste {unknown}

Dungeon Overview and Level Annotations

Branches:
Dungeon (7/15)             Temple (1/1) D:6

Altars:
Ashenzari
Cheibriados
Dithmenos
Elyvilon
Fedhas
Gozag
Hepliaklqana
Kikubaaqudgha
Makhleb
Nemelex Xobeh
Okawaru
Qazlal
Ru
Sif Muna
Trog
Uskayaw
Vehumet
Wu Jian
Xom
Yredelemnul
Zin
The Shining One

Shops:
D:2 =[*[   D:7 *


Message History

The gnoll completely misses you. You furiously retaliate!
You headbutt the gnoll, but do no damage.
The gnoll bouda completely misses you. The gnoll barely misses you.
You shoot a bolt. The bolt hits the gnoll bouda!
You kill the gnoll bouda!
Okawaru accepts your kill. The gnoll closely misses you.
You shoot a bolt.
The bolt closely misses the orc warrior.
The orc warrior hits you from afar with a +0 halberd!!
The orc warrior hits you with a +0 hand axe of venom!
You are poisoned.
The orc warrior splashes around in the water.
The gnoll hits you with a +0 flail.
You shoot a bolt. The bolt hits the orc warrior.
The orc warrior is lightly wounded.
You feel very sick.
The orc warrior hits you with a +0 hand axe of venom!
You are more poisoned.
The gnoll hits you with a +0 flail. The orc warrior closely misses you.
The gnoll hits you with a +0 flail.
The orc warrior hits you but does no damage.
The gnoll hits you but does no damage.
You shoot a bolt. The bolt hits the orc warrior!
You drain the orc warrior.
The orc warrior is severely wounded.
You feel extremely sick.
The orc warrior hits you from afar with a +0 halberd!
The gnoll closely misses you.
The orc warrior hits you with a +0 hand axe of venom.
You are more poisoned.
The gnoll barely misses you.
The orc warrior hits you from afar with a +0 halberd.
6661 ||| READING 3 scrolls of teleportation.
As you read the scroll of teleportation, it crumbles to dust.
You feel strangely unstable.
You feel extremely sick. The gnoll barely misses you. You furiously retaliate!
You headbutt the gnoll, but do no damage.
The orc warrior hits you with a +0 hand axe of venom!
You die...

### ...P####.).#.........
..# #o......#####)........
### 'o...........)...####.
.# #.....P.P))......)..#.
.##
.####..##+#...####.).#..#.
..# ....g.g
#...#(.'...####. ###
~~~.... #...#..#.)......
~~~....####...####........
~~~....og@................
~~.~~~~oog.~....~~........
~~~~~~~~~.~~~~~~~..~~~~~.~
~~~~~~~~~~~~~~~~~~~~~~~~~~
~~~~~~~~~~~~~~~~~~~~~~~~~~
##########################


You could see 2 orc warriors, 2 gnolls and an orc.

Vanquished Creatures
  Grinder (D:6)
  Menkaure (D:4)
  2 water moccasins (D:7)
  A black bear (D:5)
  4 ice beasts
  5 ogres
  A centaur (D:5)
  5 phantoms
  2 bullfrogs
  3 scorpions
  A howler monkey (D:6)
  A hound (D:7)
  2 orc priests
  6 jellies
  3 gnoll boudas (D:7)
  2 iguanas
  2 sleepcaps
  Natasha (twice) (D:2)
  An orc wizard (D:6)
  11 gnolls
  6 adders
  2 white imps
  2 worms (D:4)
  3 dart slugs
  13 orcs
  9 bats
  8 endoplasms
  3 giant cockroaches (D:1)
  5 hobgoblins
  7 kobolds
  2 quokkas
  4 ball pythons
  4 frilled lizards
  3 goblins
  6 rats
133 creatures vanquished.

Notes
Turn   | Place    | Note
-------+----------+-------------------------------------------
     0 | D:1      | qw the Minotaur Hexslinger began the quest for the Orb.
     0 | D:1      | Reached XP level 1. HP: 16/16 MP: 1/1
     0 | D:1      | 0 ||| qw: Version: 0.3-a-24-ga2abf7b
     0 | D:1      | 0 ||| qw: Game counter: 7088
     0 | D:1      | 0 ||| qw: Melee chars always use a shield: true
     0 | D:1      | 0 ||| qw: God list: Okawaru
     0 | D:1      | 0 ||| qw: Allow faded altars: false
     0 | D:1      | 0 ||| qw: Do Orc after clearing Dungeon:15 true
     0 | D:1      | 0 ||| qw: Do second Lair branch before Depths: true
     0 | D:1      | 0 ||| qw: Lair rune preference: random
     0 | D:1      | 0 ||| qw: Goals: Normal
     0 | D:1      | 0 ||| PLANNING D:1-11
   185 | D:1      | Reached skill level 3 in Ranged Weapons
   185 | D:1      | Reached XP level 2. HP: 23/23 MP: 2/2
   496 | D:1      | Reached XP level 3. HP: 29/29 MP: 3/3
   595 | D:1      | 595 ||| UPGRADING to +0 ring mail.
   605 | D:1      | 605 ||| DROPPING +0 robe.
   606 | D:1      | 606 ||| UPGRADING to +1 pair of boots.
   611 | D:1      | 611 ||| UPGRADING to +2 ring mail of fire resistance.
   621 | D:1      | 621 ||| DROPPING +0 ring mail.
   622 | D:1      | 622 ||| READING 4 scrolls labelled KEBLYR BIERU.
   623 | D:1      | 623 ||| READING scroll labelled SUAKOG POEWI.
   627 | D:1      | 627 ||| DROPPING 3 scrolls of butterflies.
   628 | D:1      | 628 ||| DROPPING scroll of poison.
   643 | D:2      | Found Yseeduar's Armour Boutique.
   648 | D:2      | 648 ||| SHOPLISTING +0 cloak (45 gold, have 27).
   648 | D:2      | 648 ||| SHOPLISTING +1 pair of gloves (115 gold, have 27).
   747 | D:2      | Noticed Natasha
   757 | D:2      | HP: 7/29 [cerulean imp/+1 spear[Natasha] (1)]
   759 | D:2      | Killed Natasha
   760 | D:2      | Reached skill level 4 in Ranged Weapons
   951 | D:2      | 951 ||| SWAPPING to +0 arbalest.
   956 | D:2      | Reached skill level 1 in Armour
   956 | D:2      | Reached XP level 4. HP: 36/36 MP: 4/4
   956 | D:2      | 956 ||| DROPPING +1 sling.
   990 | D:2      | Found Qischa's Jewellery Boutique.
  1002 | D:2      | 1002 ||| SHOPLISTING +4 ring of protection (396 gold, have
                  | 46).
  1002 | D:2      | 1002 ||| SHOPLISTING +6 ring of strength (396 gold, have
                  | 46).
  1002 | D:2      | 1002 ||| SHOPLISTING amulet of regeneration (330 gold, have
                  | 46).
  1002 | D:2      | 1002 ||| SHOPLISTING ring of positive energy (220 gold,
                  | have 46).
  1002 | D:2      | 1002 ||| SHOPLISTING ring of the Hare {EV+10} (1408 gold,
                  | have 46).
  1221 | D:2      | Found Tatti's Assorted Antiques.
  1235 | D:2      | 1235 ||| BUYING blue potion (23 gold).
  1235 | D:2      | Bought a blue potion for 23 gold pieces
  1235 | D:2      | 1235 ||| BUYING fizzy clear potion (23 gold).
  1235 | D:2      | Bought a fizzy clear potion for 23 gold pieces
  1235 | D:2      | 1235 ||| SHOPLISTING long wooden wand (104 gold, have 33).
  1235 | D:2      | 1235 ||| BUYING scroll labelled RUSAFO EMO XIC (26 gold).
  1235 | D:2      | Bought a scroll labelled RUSAFO EMO XIC for 26 gold pieces
  1235 | D:2      | 1235 ||| SHOPLISTING scroll labelled VAMAYXUNEL (26 gold,
                  | have 7).
  1235 | D:2      | 1235 ||| SHOPLISTING scroll of teleportation (78 gold, have
                  | 7).
  1235 | D:2      | 1235 ||| SHOPLISTING twisted glass wand (104 gold, have 7).
  1311 | D:2      | Identified the +10 mace "Vafuy" {freeze, *Slow Str+4 Int+2
                  | Stlth+}
  1457 | D:2      | Found Ypuwubem's Armour Emporium.
  1463 | D:2      | 1463 ||| SHOPLISTING +3 ring mail of fire resistance (260
                  | gold, have 17).
  1480 | D:2      | Noticed Natasha
  1486 | D:2      | Killed Natasha
  1487 | D:2      | Reached skill level 5 in Ranged Weapons
  1652 | D:2      | 1652 ||| READING 3 scrolls labelled VAMAYXUNEL.
  1653 | D:2      | 1653 ||| READING 2 scrolls of enchant armour.
  1653 | D:2      | 1653 ||| ENCHANTING +1 pair of boots.
  1654 | D:2      | 1654 ||| READING scroll labelled RUSAFO EMO XIC.
  1655 | D:2      | 1655 ||| DRINKING 3 fizzy clear potions.
  1684 | D:3      | Reached XP level 5. HP: 44/44 MP: 5/5
  1684 | D:3      | Found a broken altar of Ashenzari.
  1730 | D:3      | Found a bloodstained altar of Trog.
  1735 | D:3      | Reached skill level 3 in Fighting
  1800 | D:3      | Found a stormy altar of Qazlal.
  2233 | D:3      | 2233 ||| DROPPING +1 animal skin.
  2234 | D:3      | 2234 ||| DRINKING 3 smoky cyan potions.
  2256 | D:3      | 2256 ||| DRINKING 3 blue potions.
  2257 | D:3      | 2257 ||| DROPPING 2 potions of lignification.
  2397 | D:4      | Found a shadowy altar of Dithmenos.
  2428 | D:4      | Found a sparkling altar of Nemelex Xobeh.
  2461 | D:4      | Noticed Menkaure
  2468 | D:4      | Killed Menkaure
  2469 | D:4      | Reached skill level 6 in Ranged Weapons
  2469 | D:4      | Reached XP level 6. HP: 26/51 MP: 6/6
  3074 | D:4      | 3074 ||| READING scroll labelled CAIWNU DEFUAGUECLI.
  3075 | D:4      | 3075 ||| READING scroll labelled GYEJOTH IJOT.
  3106 | D:5      | Entered Level 5 of the Dungeon
  3137 | D:5      | Noticed an ice beast
  3142 | D:5      | Killed an ice beast
  3143 | D:5      | Reached skill level 7 in Ranged Weapons
  3143 | D:5      | Reached XP level 7. HP: 60/60 MP: 7/7
  3292 | D:5      | Reached skill level 8 in Ranged Weapons
  3318 | D:5      | 3318 ||| FLEEEEING.
  3395 | D:5      | Found a white marble altar of Elyvilon.
  3509 | D:5      | Reached XP level 8. HP: 68/68 MP: 8/8
  3611 | D:5      | Reached skill level 9 in Ranged Weapons
  3613 | D:5      | Reached skill level 3 in Dodging
  4127 | D:5      | 4127 ||| READING scroll labelled OLOAC JIMA.
  4128 | D:5      | 4128 ||| DRINKING 2 dark potions.
  4166 | D:6      | Reached skill level 6 in Fighting
  4244 | D:6      | 4244 ||| FLEEEEING.
  4277 | D:6      | 4277 ||| READING 2 scrolls of identify.
  4277 | D:6      | 4277 ||| IDENTIFYING puce potion
  4278 | D:6      | 4278 ||| DROPPING potion of attraction.
  4289 | D:6      | 4289 ||| STAIRDANCE
  4293 | D:6      | 4293 ||| STAIRDANCE
  4297 | D:6      | 4297 ||| STAIRDANCE
  4301 | D:6      | 4301 ||| STAIRDANCE
  4305 | D:6      | 4305 ||| STAIRDANCE
  4309 | D:6      | 4309 ||| STAIRDANCE
  4313 | D:6      | 4313 ||| STAIRDANCE
  4317 | D:6      | 4317 ||| STAIRDANCE
  4321 | D:6      | 4321 ||| STAIRDANCE
  4325 | D:6      | 4325 ||| STAIRDANCE
  4329 | D:6      | 4329 ||| STAIRDANCE
  4333 | D:6      | 4333 ||| STAIRDANCE
  4337 | D:6      | 4337 ||| STAIRDANCE
  4341 | D:6      | 4341 ||| STAIRDANCE
  4345 | D:6      | 4345 ||| STAIRDANCE
  4349 | D:6      | 4349 ||| STAIRDANCE
  4353 | D:6      | 4353 ||| STAIRDANCE
  4357 | D:6      | 4357 ||| STAIRDANCE
  4362 | D:6      | 4362 ||| STAIRDANCE
  4366 | D:6      | 4366 ||| STAIRDANCE
  4609 | D:5      | 4609 ||| Stepping randomly (stuck).
  4642 | D:6      | Noticed Grinder
  4642 | D:6      | Paralysed by Grinder for 4 turns
  4652 | D:6      | Paralysed by Grinder for 4 turns
  4658 | D:6      | Killed Grinder
  4659 | D:6      | Reached skill level 10 in Ranged Weapons
  4822 | D:6      | Found a sacrificial altar of Ru.
  4925 | D:6      | Reached XP level 9. HP: 79/79 MP: 9/9
  4930 | D:6      | 4930 ||| DRINKING 2 potions of curing.
  4930 | D:6      | 4930 ||| (to cure confusion)
  5160 | D:6      | Found a staircase to the Ecumenical Temple.
  5161 | D:6      | 5161 ||| PLANNING TEMPLE
  5166 | Temple   | Entered the Ecumenical Temple
  5186 | Temple   | 5186 ||| PLANNING OKAWARU WORSHIP
  5197 | Temple   | Became a worshipper of Warmaster Okawaru
  5198 | Temple   | 5198 ||| PLANNING D:1-11
  5599 | D:6      | 5599 ||| READING scroll labelled NIASTR ZUMIB.
  5643 | D:7      | Reached skill level 11 in Ranged Weapons
  5752 | D:7      | Found Joaciu Paxi's CLEARANCE SALE!.
  5761 | D:7      | 5761 ||| BUYING potion of enlightenment (20 gold).
  5761 | D:7      | Bought a potion of enlightenment for 20 gold pieces
  5761 | D:7      | 5761 ||| BUYING potion of might (16 gold).
  5761 | D:7      | Bought a potion of might for 16 gold pieces
  5885 | D:7      | Found a basalt altar of Yredelemnul.
  5901 | D:7      | Reached skill level 3 in Armour
  6073 | D:7      | Found an ancient bone altar of Kikubaaqudgha.
  6538 | D:7      | Reached skill level 12 in Ranged Weapons
  6649 | D:7      | 6649 ||| Stepping ~*~*~tactically~*~*~ (outnumbered).
  6651 | D:7      | 6651 ||| Stepping ~*~*~tactically~*~*~ (outnumbered).
  6652 | D:7      | 6652 ||| Stepping ~*~*~tactically~*~*~ (outnumbered).
  6660 | D:7      | HP: 19/80 [orc warrior/+0 halberd (7)]
  6661 | D:7      | 6661 ||| READING 3 scrolls of teleportation.
  6661 | D:7      | HP: 3/80 [poisoned by an orc warrior]
  6661 | D:7      | Mangled by an orc warrior

Levels and vault maps discovered:
D:1:      saegor_arrival_simple_c, layout_loops_ring
D:2:      minmay_spotlight, layout_loops_corners, serial_shops, shop,
          nicolae_shop_window_shopping, shop, shop, uniq_natasha
D:3:      layout_loops_ring, bloody_trog, mainiacjoe_overflow_brackets,
          nicolae_qazlal_scattered_showers
D:4:      layout_loops_ring, nemelex_spade_bored_becter,
          nicolae_dithmenos_shadow_blocks, uniq_menkaure
D:5:      layout_basic, nicolae_overflow_hidden_temple
D:6:      layout_cave_pods, mainiacjoe_overflow_paths, temple_statues,
          kennysheep_crisscross, uniq_grinder
D:7:      kennysheep_seaside_town, layout_basic, general_overflow_altar,
          lemuel_tele_altar, hellmonk_bongcloud_opening, nicolae_shop_clearance
Temple:   nicolae_temple_ecumenical_triangle

Skill      XL: |  1  2  3  4  5  6  7  8  9 |
---------------+----------------------------+-----
Ranged Weapons | 3 4 5 6 7 8 10 12 | 12.0
Fighting       | 2 3 4 5 7 |  7.7
Armour         | 1 2 3 |  3.1
Dodging        | 3 4 |  4.2
Spellcasting   | |  1.0
Hexes          | |  2.0

Action                     |  1- 3 |  4- 6 |  7- 9 || total
---------------------------+-------+-------+-------++-------
   Fire: Sling             |    86 |       |       ||    86
         Arbalest          |     4 |   113 |   192 ||   309
    Use: Scroll            |     2 |     5 |     4 ||    11
         Potion            |       |     3 |     2 ||     5
 Armour: Robe              |     3 |       |       ||     3
         Ring mail         |    12 |    28 |    52 ||    92
  Dodge: Dodged            |    33 |    26 |    90 ||   149

Table legend:
 A = Non-vault XP
 B = Vault XP
 C = Vault XP percentage of total XP
 D = Non-vault monster count
 E = Vault monster count
 F = Vault count percentage of total count
                 A         B        C        D         E       F
            +---------+---------+-------+---------+---------+-------
      Total |    3485 |     815 |  19.0 |     117 |      16 |  12.0
            +---------+---------+-------+---------+---------+-------
        D:1 |      45 |       0 |   0.0 |      27 |       0 |   0.0
        D:2 |      83 |      51 |  38.1 |      17 |       4 |  19.0
        D:3 |      56 |       0 |   0.0 |       8 |       0 |   0.0
        D:4 |     213 |     165 |  43.7 |      12 |       1 |   7.7
        D:5 |    1290 |       0 |   0.0 |      23 |       0 |   0.0
        D:6 |    1030 |     300 |  22.6 |      22 |       1 |   4.3
        D:7 |     768 |     299 |  28.0 |       8 |      10 |  55.6
            +---------+---------+-------+---------+---------+-------
